 Dungeon Crawl Stone Soup version 0.31-a0-1074-g0b22e4e0f1 (webtiles) character file.

Game seed: 14992355133761001137

57378 Ekaitz the Zephyrmancer (level 14, 0/87 HPs)
             Began as a Tengu Air Elementalist on Nov 28, 2023.
             Was a High Priest of Vehumet.
             Slain by an ettin
             ... wielding a +0 dire flail
              (29 damage)
             ... on level 2 of the Orcish Mines on Nov 29, 2023.
             The game lasted 00:54:00 (23685 turns).

Ekaitz the Zephyrmancer (Tengu Air Elementalist)   Turns: 23685, Time: 00:54:01

Health: 0/87       AC:  9    Str: 11    XL:     14   Next: 85%
Magic:  21/30      EV: 21    Int: 17    God:    Vehumet [*****.]
Gold:   2400       SH:  0    Dex: 24    Spells: 8/36 levels left

rFire   + . .        F - +3 dagger
rCold   . . .        (no shield)
rNeg    . . .        H - +0 robe of Karph {rPois Str+2}
rPois   +            v - +1 hat {Will+}
rElec   .            y - +2 cloak
rCorr   .            I - +0 pair of gloves
SInv    .            (boots unavailable)
Will    ++...        M - amulet of regeneration
Stlth   +++          p - ring of protection from fire
HPRegen 1.14/turn    G - +6 ring of dexterity
MPRegen 0.22/turn

%: acrobat
@: flying, studying Shields
A: beak, talons 3, evasive flight, acrobatic, iridescent scales 1, inability to
drink after injury 1
a: Renounce Religion


You were on level 2 of the Orcish Mines.
You worshipped Vehumet.
Vehumet was extremely pleased with you.
You visited 4 branches of the dungeon, and saw 19 of its levels.

You collected 2400 gold pieces.

Inventory:

Hand Weapons
 a - a +4 short sword
 f - a +2 trident of protection
 k - a +2 flail of draining
 m - a +2 war axe of venom
 u - a +2 dagger of distortion
 w - a +2 whip of venom
 F - a +3 dagger (weapon)
Missiles
 e - 4 curare-tipped darts
 s - 42 poisoned darts
 B - 4 throwing nets
 J - 2 atropa-tipped darts
 X - 4 silver javelins
Armour
 n - a scarf of repulsion
 v - a +1 hat of willpower (worn)
 y - a +2 cloak (worn)
 H - the +0 robe of Karph (worn) {rPois Str+2}
   (You found it on level 5 of the Dungeon)

   Str+2:     It affects your strength (+2).
   rPois:     It protects you from poison
 I - a +0 pair of gloves (worn)
Jewellery
 g - an amulet of magic regeneration
 p - a ring of protection from fire (left hand)
 C - a ring of ice
 G - a +6 ring of dexterity (right hand)
 K - a ring of fire
 M - an amulet of regeneration (around neck)
Talismans
 h - a storm talisman
 o - a maw talisman
 q - a serpent talisman
Wands
 c - a wand of mindburst (5)
 P - a wand of roots (29)
 Q - a wand of charming (4)
 T - a wand of acid (11)
 Z - a wand of polymorph (8)
Scrolls
 j - 2 scrolls of blinking
 r - 3 scrolls of teleportation
 x - 5 scrolls of immolation {unknown}
 z - 3 scrolls of enchant weapon {unknown}
 A - 4 scrolls of fog
 L - a scroll of fear
 R - 2 scrolls of brand weapon
 S - 6 scrolls of revelation {unknown}
 Y - a scroll of torment
Potions
 b - 2 potions of magic
 d - 3 potions of haste
 i - 4 potions of curing
 l - 8 potions of ambrosia
 t - 7 potions of heal wounds
 D - 3 potions of might
 E - 4 potions of cancellation
 O - a potion of resistance
 U - a potion of invisibility
 W - a potion of enlightenment
Miscellaneous
 N - a lightning rod (4/4)
 V - a phantom mirror


   Skills:
 * Level 9.6 Fighting
 + Level 0.1 Short Blades
 + Level 0.7 Maces & Flails
 + Level 5.9 Dodging
 + Level 4.5 Stealth
 * Level 11.8 Shields
 + Level 11.7 Spellcasting
 + Level 8.8 Conjurations
 * Level 11.0 Fire Magic
 + Level 1.5 Ice Magic
 + Level 14.8 Air Magic
 * Level 6.9 Poison Magic
 + Level 0.1 Evocations


You had 8 spell levels left.
You knew the following spells:

 Your Spells              Type           Power      Damage    Failure   Level
a - Shock                 Conj/Air       100%       1d9       1%          1
b - Static Discharge      Conj/Air       100%       3-8/arc   1%          2
c - Swiftness             Air            57%        N/A       1%          3
d - Airstrike             Air            28%        2d(5-21)  1%          4
e - Scorch                Fire           94%        2d8       1%          2
f - Foxfire               Conj/Fire      100%       2x1d9     1%          1
g - Olgreb's Toxic Radia  Pois           33%        N/A       1%          4
h - Freezing Cloud        Conj/Ice/Air   19%        6-21      1%          5
i - Conjure Ball Lightni  Conj/Air       25%        3x3d7     2%          6

Your spell library contained the following spells:

 Spells                   Type           Power      Damage    Failure   Level
 Bombard                  Conj/Erth      12%        9d3       41%         6
 Magic Dart               Conj           100%       1d8       1%          1
 Momentum Strike          Conj/Tloc      50%        3d9       1%          2
 Searing Ray              Conj           80%        2d7       1%          2
 Dazzling Flash           Conj/Hex       50%        N/A       1%          3
 Ignite Poison            Fire/Tmut/Pois 30%        N/A       1%          3
 Inner Flame              Hex/Fire       28%        N/A       1%          3
 Volatile Blastmotes      Fire/Tloc      56%        2d14      1%          3
 Flame Wave               Conj/Fire      43%        2d11      1%          4
 Sticky Flame             Conj/Fire      43%        2d6       1%          4
 Fulminant Prism          Conj/Hex       12%        3d8       3%          4
 Starburst                Conj/Fire      21%        6d7       5%          6
 Ensorcelled Hibernation  Hex/Ice        24%        N/A       8%          2
 Irradiate                Conj/Tmut      12%        3d15      9%          5
 Blink                    Tloc           18%        N/A       11%         2
 Lesser Beckoning         Tloc           18%        N/A       11%         2
 Passwall                 Tmut/Erth      7%         N/A       11%         2
 Wereblood                Tmut           9%         N/A       11%         2
 Gell's Gravitas          Tloc           9%         N/A       22%         3
 Teleport Other           Tloc           9%         N/A       22%         3
 Tukima's Dance           Hex            9%         N/A       22%         3
 Maxwell's Capacitive Co  Air            28%        ∞         26%         8
 Yara's Violent Unravell  Hex/Tmut       4%         3d4       43%         5
 Eringya's Noxious Bog    Tmut/Pois      10%        4d6       52%         6
 Passage of Golubria      Tloc           9%         N/A       56%         4
 Ignition                 Fire           23%        3d8       75%         8
 Summon Forest            Summ/Tloc      4%         N/A       89%         5
 Summon Hydra             Summ           4%         N/A       100%        7
 Discord                  Hex            4%         N/A       100%        8


Dungeon Overview and Level Annotations

Branches:
Dungeon (11/15)            Temple (1/1) D:4            Lair (5/5) D:10
 Shoals (0/4) Lair:2        Snake (0/4) Lair:3        Slime (0/5) Lair:5
    Orc (2/2) D:10
    Elf: Orc:2

Altars:
Ashenzari
Cheibriados
Dithmenos
Elyvilon
Fedhas
Gozag
Hepliaklqana
Kikubaaqudgha
Makhleb
Nemelex Xobeh
Okawaru
Qazlal
Ru
Sif Muna
Trog
Uskayaw
Vehumet
Wu Jian
Xom
Yredelemnul
Zin
The Shining One

Annotations:
D:5 2 transporters, grandjackal's ghost, novice DjGl


Innate Abilities, Weirdness & Mutations

You have a beak for a mouth.
You have claws for feet.
Your magical flight helps you evade attacks. (EV +4)
You can magically evade attacks while moving or waiting.
You are partially covered in iridescent scales. (AC +2)
You occasionally lose the ability to drink potions when taking damage.


Message History

There are monsters nearby!
Casting: Airstrike (safe; 1% risk of failure)
Confirm with . or Enter, or press ? or * to list all spells.
Aiming: Freezing Cloud (dangerous; 1% risk of failure)
Press: ? - help, Dir - move target The ettin shouts in stereo!
The ettin is engulfed in freezing vapours.
You hear a shout! x4
Unknown command.
Casting: Freezing Cloud (dangerous; 1% risk of failure)
Confirm with . or Enter, or press ? or * to list all spells.
You begin to radiate toxic energy.
The ettin is poisoned.
The two-headed ogre is poisoned.
The two-headed ogre looks even sicker.
The ettin is engulfed in freezing vapours.
Unknown command.
The ettin looks even sicker.
An orc comes into view. It is wielding a +0 club.
The ettin is engulfed in freezing vapours.
The ettin hits you with a +0 dire flail!!!
The ettin hits you with a +0 dire flail!!
* * * LOW HITPOINT WARNING * * *
You hear a howl!
You hear a shout! x3
The ettin looks even sicker.
The two-headed ogre looks even sicker.
A warg comes into view.
The ettin is engulfed in freezing vapours.
There is a stone staircase leading up here.
The two-headed ogre looks as sick as possible!
Your toxic aura wanes.
The ettin attacks as it pursues you! The ettin completely misses you. x2
An ogre comes into view. It is wielding a +0 giant spiked club.
Casting: Olgreb's Toxic Radiance (mildly dangerous; 1% risk of failure)
Confirm with . or Enter, or press ? or * to list all spells.
The ettin is struck by an arc of lightning.
The ettin is severely wounded.
You are struck by an arc of lightning.
The ettin is struck by an arc of lightning!
The ettin is almost dead.
The lightning grounds out.
The ettin misses you.
The ettin hits you with a +0 dire flail!!
You die...

#. #........#...##
#.##.#...........#
#...............#
#...........#$..# .
#....#.....#...##..
#.............#....
##..☼#.....h.......
#...○..<...O.......
#...☼§....C@.......
#..................
#...o............#.
.o..................
....................
.......O.#..........
........###.........
... ..........


You could see an ettin (very poisoned), a two-headed ogre (very poisoned), a
warg, an ogre and an orc.

Vanquished Creatures
  Snorg (Orc:1)
  3 hydras
  3 boulder beetles
  A merfolk avatar (Lair:5)
  5 death yaks (Lair:5)
  4 two-headed ogres
  Sonja (D:11)
  3 sea snakes (Lair:5)
  5 skysharks
  2 lindwurms (Lair:5)
  A deep elf pyromancer (D:7)
  3 manticores
  2 cyclopes
  11 elephants
  5 black mambas
  Maurice (D:9)
  2 torpor snails
  A gargoyle (D:11)
  16 cane toads
  5 rime drakes
  7 komodo dragons
  An unseen horror (D:11)
  5 polar bears
  A queen bee (Lair:4)
  3 meliai (Lair:4)
  2 trolls
  A tyrant leech (Lair:4)
  2 hornets
  16 dream sheep (Lair:5)
  Grinder (D:6)
  Prince Ribbit (D:5)
  17 blink frogs
  A wraith (D:11)
  28 yaks
  A basilisk (Lair:1)
  10 wyverns
  2 vampire mosquitoes (D:11)
  A steam dragon (D:9)
  Grum (D:8)
  A warg (Orc:1)
  14 water moccasins
  An acid dragon (D:9)
  3 swamp worms (Lair:4)
  A black bear (Lair:3)
  4 ice beasts
  14 orc warriors
  2 ogres (Orc:1)
  9 wolves
  6 centaurs
  2 phantoms
  11 bullfrogs
  3 kobold brigands
  4 scorpions
  4 necrophages (Lair:3)
  21 killer bees
  4 howler monkeys
  6 jellies
  Crazy Yiuf (D:2)
  5 gnoll boudas
  5 hounds
  10 orc priests
  7 iguanas
  2 sleepcaps
  Jessica (D:2)
  11 orc wizards
  Natasha (thrice) (D:2)
  A mummy (D:5)
  17 gnolls
  5 adders
  A shadow imp (D:6)
  3 white imps
  An ufetubus (D:7)
  A worm (D:3)
  2 dart slugs
  44 orcs
  8 endoplasms
  2 giant cockroaches (D:1)
  5 goblins
  9 hobgoblins
  5 quokkas
  7 ball pythons
  4 bats
  3 frilled lizards
  24 kobolds
  3 rats
476 creatures vanquished.

Vanquished Creatures (others)
  3 ball lightnings (Orc:1)
  83 foxfires
86 creatures vanquished.

Grand Total: 562 creatures vanquished

Notes
Turn   | Place    | Note
-------+----------+-------------------------------------------
     0 | D:1      | Ekaitz the Tengu Air Elementalist began the quest for the
                  | Orb.
     0 | D:1      | Reached XP level 1. HP: 10/10 MP: 4/4
   115 | D:1      | Reached XP level 2. HP: 15/15 MP: 0/6
   118 | D:1      | Learned a level 2 spell: Static Discharge
   950 | D:2      | Noticed Natasha
   957 | D:2      | Killed Natasha
   958 | D:2      | Reached skill level 5 in Air Magic
   958 | D:2      | Reached XP level 3. HP: 18/20 MP: 0/7
   962 | D:2      | Learned a level 3 spell: Swiftness
  1187 | D:2      | Reached XP level 4. HP: 24/24 MP: 5/8
  1216 | D:2      | Noticed Natasha
  1225 | D:2      | Killed Natasha
  1226 | D:2      | Reached skill level 1 in Fighting
  1317 | D:2      | Noticed Jessica
  1320 | D:2      | Killed Jessica
  1848 | D:2      | Noticed Natasha
  1855 | D:2      | Killed Natasha
  1856 | D:2      | Reached XP level 5. HP: 16/29 MP: 2/9
  1934 | D:2      | Identified the +2 battleaxe of Zuvyityt {pain, Fly rPois}
  1975 | D:2      | Found a runed translucent door.
  1976 | D:2      | Noticed Crazy Yiuf
  1976 | D:2      | You fall into a shaft and drop 2 floors!
  2138 | D:4      | Found a staircase to the Ecumenical Temple.
  2147 | Temple   | Entered the Ecumenical Temple
  2201 | Temple   | Became a worshipper of Vehumet
  2265 | D:4      | Reached skill level 6 in Air Magic
  2424 | D:4      | Found an opulent altar of Gozag.
  3363 | D:3      | Found a shadowy altar of Dithmenos.
  3824 | D:2      | Killed Crazy Yiuf
  3825 | D:2      | Reached XP level 6. HP: 8/35 MP: 5/11
  3825 | D:2      | Gained mutation: You occasionally lose the ability to drink
                  | potions when taking damage. [potion of mutation]
  3825 | D:2      | Gained mutation: You are partially covered in iridescent
                  | scales. (AC +2) [potion of mutation]
  4293 | D:4      | Learned a level 4 spell: Airstrike
  4605 | D:5      | Entered Level 5 of the Dungeon
  4640 | D:5      | Found a snail-covered altar of Cheibriados.
  4743 | D:5      | Reached skill level 7 in Air Magic
  4743 | D:5      | Gained mutation: Your magical flight helps you evade
                  | attacks. (EV +4) [Tengu growth]
  4743 | D:5      | Reached XP level 7. HP: 40/40 MP: 1/12
  4845 | D:5      | Reached * piety under Vehumet
  4845 | D:5      | Offered knowledge of Foxfire by Vehumet.
  4850 | D:5      | Learned a level 1 spell: Foxfire
  5283 | D:5      | Noticed Prince Ribbit
  5291 | D:5      | Killed Prince Ribbit
  5292 | D:5      | Reached skill level 1 in Fire Magic
  5292 | D:5      | Reached XP level 8. HP: 33/46 MP: 10/14
  5512 | D:5      | Found a transporter.
  5516 | D:5      | Noticed grandjackal's ghost (novice DjGl)
  5526 | D:5      | Identified the +0 robe of Karph {rPois Str+2}
  5563 | D:5      | Found a transporter.
  5793 | D:5      | Reached skill level 8 in Air Magic
  5921 | D:5      | Offered knowledge of Scorch by Vehumet.
  5930 | D:5      | Reached ** piety under Vehumet
  6242 | D:6      | Reached skill level 5 in Conjurations
  6649 | D:6      | Noticed Grinder
  6652 | D:6      | Killed Grinder
  6653 | D:6      | Reached XP level 9. HP: 52/52 MP: 6/17
  7033 | D:6      | Reached skill level 9 in Air Magic
  7036 | D:6      | Learned a level 2 spell: Scorch
  7429 | D:7      | Reached skill level 5 in Spellcasting
  7488 | D:7      | Noticed a deep elf pyromancer
  7496 | D:7      | Killed a deep elf pyromancer
  7497 | D:7      | Reached skill level 5 in Dodging
  8123 | D:8      | Reached skill level 1 in Shields
  8123 | D:8      | Reached skill level 10 in Air Magic
  8263 | D:8      | Found a white marble altar of Elyvilon.
  8291 | D:8      | Reached skill level 5 in Fighting
  8317 | D:8      | Offered knowledge of Hailstorm by Vehumet.
  8485 | D:8      | Noticed Grum
  8500 | D:8      | Reached XP level 10. HP: 38/59 MP: 8/19
  9195 | D:8      | Killed Grum
  9593 | D:8      | Found an iron altar of Okawaru.
  9688 | D:9      | Found a shimmering blue altar of Sif Muna.
  9796 | D:9      | Reached *** piety under Vehumet
 10012 | D:9      | Reached skill level 5 in Fire Magic
 10590 | D:9      | Noticed a two-headed ogre
 10594 | D:9      | Killed a two-headed ogre
 10595 | D:9      | Reached skill level 11 in Air Magic
 10662 | D:9      | Found a blossoming altar of Fedhas.
 10662 | D:9      | Found a burning altar of Makhleb.
 10662 | D:9      | Found a stormy altar of Qazlal.
 10664 | D:9      | Found a glowing golden altar of the Shining One.
 10888 | D:9      | Noticed a manticore
 10892 | D:9      | Killed a manticore
 10893 | D:9      | Reached skill level 5 in Shields
 10893 | D:9      | Noticed Maurice
 11013 | D:9      | Maurice stole 272 gold
 11014 | D:9      | Killed Maurice
 11213 | D:9      | Reached XP level 11. HP: 64/64 MP: 14/22
 11525 | D:10     | Entered Level 10 of the Dungeon
 11525 | D:10     | Noticed a manticore
 11529 | D:10     | Killed a manticore
 11658 | D:10     | Offered knowledge of Stone Arrow by Vehumet.
 11739 | D:10     | Noticed a two-headed ogre
 11743 | D:10     | Killed a two-headed ogre
 11878 | D:10     | Found a staircase to the Lair.
 11907 | D:10     | Found a staircase to the Orcish Mines.
 12436 | D:10     | Reached **** piety under Vehumet
 12606 | D:11     | Noticed a boulder beetle
 12617 | D:11     | Learned a level 4 spell: Olgreb's Toxic Radiance
 12651 | D:11     | Killed a boulder beetle
 12762 | D:11     | Noticed a two-headed ogre
 12779 | D:11     | Killed a two-headed ogre
 12780 | D:11     | Reached skill level 12 in Air Magic
 12780 | D:11     | Reached skill level 1 in Poison Magic
 12930 | D:11     | Noticed a two-headed ogre
 12936 | D:11     | Noticed a cyclops
 12940 | D:11     | Killed a two-headed ogre
 12949 | D:11     | Offered knowledge of Freezing Cloud by Vehumet.
 12960 | D:11     | Killed a cyclops
 12967 | D:11     | Learned a level 5 spell: Freezing Cloud
 13101 | D:11     | Noticed a boulder beetle
 13109 | D:11     | Noticed Sonja
 13120 | D:11     | Killed Sonja
 13214 | D:11     | Killed a boulder beetle
 13951 | Lair:1   | Entered Level 1 of the Lair of Beasts
 13955 | Lair:1   | Reached XP level 12. HP: 72/72 MP: 20/25
 15088 | Lair:1   | Noticed a boulder beetle
 15099 | Lair:1   | Killed a boulder beetle
 15537 | Lair:2   | Noticed a skyshark
 15566 | Lair:2   | Killed a skyshark
 15567 | Lair:2   | Reached skill level 1 in Ice Magic
 16298 | Lair:2   | Found a staircase to the Shoals.
 16581 | Lair:3   | Noticed a four-headed hydra
 16586 | Lair:3   | Killed a four-headed hydra
 16709 | Lair:3   | Noticed a skyshark
 16714 | Lair:3   | Killed a skyshark
 16715 | Lair:3   | Reached skill level 13 in Air Magic
 16822 | Lair:3   | Reached XP level 13. HP: 38/78 MP: 22/27
 16909 | Lair:3   | Found a staircase to the Snake Pit.
 16925 | Lair:3   | Reached ***** piety under Vehumet
 16937 | Lair:3   | Offered knowledge of Eringya's Noxious Bog by Vehumet.
 17507 | Lair:3   | Reached skill level 10 in Spellcasting
 17571 | Lair:3   | Identified a scroll of acquirement
 18720 | Lair:4   | Reached skill level 10 in Shields
 19308 | Lair:4   | Reached skill level 5 in Poison Magic
 19320 | Lair:4   | Offered knowledge of Conjure Ball Lightning by Vehumet.
 19864 | Lair:5   | Entered Level 5 of the Lair of Beasts
 20274 | Lair:5   | Reached skill level 10 in Fire Magic
 20361 | Lair:5   | Reached XP level 14. HP: 84/84 MP: 11/29
 20711 | Lair:5   | Reached skill level 14 in Air Magic
 20718 | Lair:5   | Learned a level 6 spell: Conjure Ball Lightning
 20890 | Lair:5   | Found a staircase to the Slime Pits.
 22502 | Lair:5   | Acquired 801 gold pieces
 22635 | Orc:1    | Entered Level 1 of the Orcish Mines
 22765 | Orc:1    | Noticed Snorg
 22772 | Orc:1    | Killed Snorg
 23096 | Orc:1    | Offered knowledge of Bombard by Vehumet.
 23676 | Orc:2    | Entered Level 2 of the Orcish Mines
 23685 | Orc:2    | Slain by an ettin

Illustrated notes

Levels and vault maps discovered:
D:1:      amcnicky_arrival_double_pillar, layout_basic,
          minmay_misc_feat_four_crosses
D:2:      layout_basic, chequers_big_river, uniq_crazy_yiuf_cottage,
          uniq_natasha, uniq_jessica
D:3:      minmay_general_purpose_star, layout_loops_cross,
          nicolae_dithmenos_the_darkroom, grunt_ministairs_4
D:4:      layout_basic, nicolae_gozag_cash_rules_everything_around_me,
          minmay_temple_entry_waves
D:5:      corexii_shack_village, layout_rooms, slow_altar_1,
          gammafunk_ghost_mausoleum, nicolae_the_louvre, uniq_prince_ribbit1
D:6:      layout_loops_cross, uniq_grinder
D:7:      layout_rooms, kb_lookout_dungeons_type, nrook_mini_backslash,
          minmay_holes, minmay_manual_monstrance
D:8:      layout_layer_cave, mainiacjoe_overflow_concentric_impassable,
          okawaru_altar_gauntlet_db, dreamdust_wishing_well, uniq_grum
D:9:      minmay_bubble_buster, layout_grid_maze, minitemple, uniq_maurice
D:10:     layout_small_grid, lair_entry_dummy, orc_0_dummy
D:11:     layout_rooms, uniq_sonja
Temple:   minmay_temple_forest_path
Lair:1:   layout_regular_city, grunt_megastairs_5
Lair:2:   layout_cave_pods, elwin_shoals_entry_rooms, hibernation_bobbens
Lair:3:   layout_cave_shapes, minmay_snake_entry_six_corridors,
          chequers_serial_rivers_micro_e, roderic_carrion_pond,
          gammafunk_lair_bear_cave
Lair:4:   layout_cave_pods, special_room [special_room_bee], worms_lemuel,
          lemuel_fruit_fields
Lair:5:   gammafunk_lair_ancient_temple, layout_long_grid,
          nicolae_slime_entry_slimehenge, chequers_serial_rivers_micro_a,
          grunt_megastairs_4
Orc:1:    layout_caves, basic_altar, uniq_snorg
Orc:2:    st_orc_congregation, layout_caves, serial_shops,
          nicolae_shop_hallway_plus, uniq_rupert

Skill      XL: |  1  2  3  4  5  6  7  8  9 10 11 12 13 14 |
---------------+-------------------------------------------+-----
Air Magic      | 5 6 7 8 10 11 12 13 14 | 14.8
Fighting       | 1 2 3 4 5 6 7 8 9 |  9.6
Conjurations   | 2 3 4 5 6 7 8 |  8.8
Dodging        | 3 4 5 |  5.9
Spellcasting   | 3 4 5 6 8 9 10 11 | 11.7
Fire Magic     | 1 3 4 6 7 8 10 11 | 11.0
Stealth        | 3 4 |  4.5
Shields        | 2 5 7 9 10 11 | 11.8
Poison Magic   | 2 3 5 6 |  6.9
Ice Magic      | 1 |  1.5
Short Blades   | |  0.1
Maces & Flails | |  0.7
Evocations     | |  0.1

Action                     |  1- 3 |  4- 6 |  7- 9 | 10-12 | 13-15 || total
---------------------------+-------+-------+-------+-------+-------++-------
  Melee: Unarmed           |       |     3 |       |       |       ||     3
         Kick              |       |     3 |    13 |    18 |    30 ||    64
         Peck              |       |     1 |     9 |    13 |    10 ||    33
         Whip              |       |     4 |    41 |       |     6 ||    51
         Short sword       |       |       |       |    46 |    30 ||    76
         Punch             |       |       |       |     1 |     1 ||     2
         Dagger            |       |       |       |       |    26 ||    26
   Cast: Shock             |    44 |   108 |   152 |   126 |    82 ||   512
         Static Discharge  |     3 |    13 |    18 |    53 |    24 ||   111
         Swiftness         |       |     1 |       |       |       ||     1
         Foxfire           |       |       |    47 |     1 |       ||    48
         Airstrike         |       |       |    13 |    99 |   153 ||   265
         Scorch            |       |       |     6 |     3 |       ||     9
         Olgreb's Toxic Ra |       |       |       |    26 |    59 ||    85
         Freezing Cloud    |       |       |       |    15 |    46 ||    61
         Conjure Ball Ligh |       |       |       |       |     1 ||     1
  Evoke: Wand              |       |       |       |     2 |       ||     2
    Use: Potion            |       |     2 |       |     1 |       ||     3
         Scroll            |       |       |       |    15 |     7 ||    22
   Stab: Sleeping          |       |       |     5 |     7 |     1 ||    13
         Distracted        |       |       |       |     1 |       ||     1
 Armour: Robe              |     7 |    23 |    60 |   145 |   120 ||   355
  Dodge: Dodged            |     7 |    17 |    82 |   192 |   148 ||   446

Table legend: (Time is in decaauts)
 A = Elapsed time spent in this place.
 B = Non-inter-level travel time spent in this place.
 C = Inter-level travel time spent in this place.
 D = Time resting spent in this place.
 E = Time spent auto-exploring this place.
 F = Levels seen in this place.
 G = Mean time per level.
                   A        B        C        D        E       F      G
               +--------+--------+--------+--------+--------+-----+--------+
         Total |  23727 |  22417 |   1310 |   1562 |  17748 |  19 | 1248.8 |
       Dungeon |  13889 |  13123 |    766 |    416 |  10894 |  11 | 1262.6 |
        Temple |    111 |      1 |    110 |      0 |      0 |   1 |  111.0 |
          Lair |   8677 |   8262 |    415 |    857 |   6281 |   5 | 1735.4 |
  Orcish Mines |   1049 |   1031 |     18 |    289 |    573 |   2 |  524.5 |
               +--------+--------+--------+--------+--------+-----+--------+

Top non-repeatable levels by time:
  Lair:5: 2217 daAuts
  Lair:4: 2090 daAuts
     D:9: 1844 daAuts
     D:2: 1761 daAuts
     D:8: 1735 daAuts
  Lair:3: 1593 daAuts
  Lair:1: 1509 daAuts
     D:5: 1408 daAuts
     D:6: 1344 daAuts
  Lair:2: 1267 daAuts
     D:4: 1167 daAuts
    D:11: 1082 daAuts
    D:10: 1058 daAuts
   Orc:1: 1040 daAuts
     D:3: 873 daAuts
